 Dungeon Crawl Stone Soup version 0.26.0-16-gc1dbca0489 (webtiles) character file.

Game seed: 9961387101158407167

5840 snetch the Spear-Bearer (level 10, -2/90 HPs)
             Began as a Minotaur Berserker on Jan 18, 2021.
             Was a High Priest of Trog.
             Slain by a bullfrog (3 damage)
             ... on level 10 of the Dungeon.
             The game lasted 00:24:13 (9361 turns).

snetch the Spear-Bearer (Minotaur Berserker)        Turns: 9361, Time: 00:24:17

Health: -2/90      AC: 17    Str: 25    XL:     10   Next: 51%
Magic:  18/18      EV: 10    Int:  4    God:    Trog [*****.]
Gold:   748        SH:  0    Dex: 10    Spells: 9/9 levels left

rFire    . . .     SeeInvis .   a - +1 scythe (vorpal)
rCold    . . .     Faith    .   (shield currently unavailable)
rNeg     . . .     Spirit   .   t - +4 chain mail of Circular Logic {Stlth+}
rPois    .         Reflect  .   (helmet restricted)
rElec    .         Harm     .   (no cloak)
rCorr    +         Rampage  .   r - +0 pair of gloves
Will     .....                  w - +0 pair of boots
Stlth    ..........             X - amulet of the acrobat
HPRegen  0.25/turn              C - ring of resist corrosion
MPRegen  0.16/turn              U - ring of magical power

@: berserk cooldown, slowed, very slow
A: retaliatory headbutt, horns 2
a: Renounce Religion, Berserk, Trog's Hand, Brothers in Arms


You were on level 10 of the Dungeon.
You worshipped Trog.
Trog was extremely pleased with you.
You visited 2 branches of the dungeon, and saw 12 of its levels.
You also visited: Ossuary.

You collected 748 gold pieces.

Inventory:

Hand Weapons
 a - a +1 vorpal scythe (weapon)
 b - a +2 hand axe
 c - a +3 vampiric spear
 d - a +0 morningstar
Missiles
 g - 506 stones (quivered)
 m - 105 arrows
 n - 64 poisoned darts
 o - 107 sling bullets
 v - 60 bolts
 P - 15 boomerangs
 Y - 2 throwing nets
Armour
 r - a +0 pair of gloves (worn)
 t - the +4 chain mail of Circular Logic (worn) {Stlth+}
   (You found it on level 4 of the Dungeon)

   It makes you more stealthy.
 w - a +0 pair of boots (worn)
 L - a +0 tower shield
Jewellery
 z - a +6 ring of intelligence {unknown}
 C - a ring of resist corrosion (left hand)
 O - an uncursed ring of ice
 U - a ring of magical power (right hand)
 X - an amulet of the acrobat (around neck)
Wands
 j - a wand of random effects (15)
 M - a wand of digging (5)
 N - a wand of iceblast (14)
 S - a wand of disintegration (16)
 V - a wand of enslavement (23)
Scrolls
 e - a scroll of fear {unknown}
 i - 3 scrolls of enchant armour {unknown}
 k - 5 scrolls of fog {unknown}
 q - 4 scrolls of enchant weapon {unknown}
 y - a scroll of magic mapping {unknown}
 A - 3 scrolls of teleportation {unknown}
 D - 2 scrolls of blinking {unknown}
 F - a scroll of immolation {unknown}
 G - 6 scrolls of identify {unknown}
 H - a scroll of random uselessness {unknown}
 J - a scroll of noise {unknown}
 K - 2 scrolls of amnesia {unknown}
 Q - 7 scrolls of remove curse
Potions
 f - 3 potions of haste {unknown}
 h - 4 potions of flight {unknown}
 l - 5 potions of heal wounds {unknown}
 p - 3 potions of mutation {unknown}
 s - 2 potions of lignification {unknown}
 u - 8 potions of degeneration {unknown}
 x - a potion of cancellation {unknown}
 B - 2 potions of berserk rage {unknown}
 E - 2 potions of curing {unknown}
 I - 3 potions of brilliance {unknown}
 R - a potion of magic {unknown}
 T - a potion of ambrosia {unknown}


   Skills:
 + Level 8.8 Fighting
 + Level 4.6(10.1) Axes
 + Level 13.5(13.8) Polearms
 + Level 8.1 Armour
 + Level 4.7 Dodging
 + Level 1.3 Stealth


You had 9 spell levels left.
You didn't know any spells.
Your spell library contained the following spells:

 Spells                   Type           Power        Failure   Level
 Corona                   Hex            0%           97%         1
 Ensorcelled Hibernation  Hex/Ice        0%           99%         2
 Confusing Touch          Hex            0%           100%        3
 Dazzling Flash           Conj/Hex       0%           100%        3
 Tukima's Dance           Hex            0%           100%        3


Dungeon Overview and Level Annotations

Branches:
Dungeon (11/15)            Temple (1/1) D:6         Ossuary (visited)
   Lair: D:8-11         Orc: D:9-12

Altars:
Ashenzari
Cheibriados
Dithmenos
Elyvilon
Fedhas
Gozag
Hepliaklqana
Kikubaaqudgha
Makhleb
Nemelex Xobeh
Okawaru
Qazlal
Ru
Sif Muna
Trog
Uskayaw
Vehumet
Wu Jian
Xom
Yredelemnul
Zin
The Shining One


Innate Abilities, Weirdness & Mutations

You reflexively headbutt those who attack you in melee.
You have a pair of horns on your head.


Message History

You kill the two-headed ogre!
Trog accepts your kill.
Your Armour skill increases to level 8!
Unknown command.
There is a stone staircase leading down here.
You start resting.
You feel a strong urge to attack something.
You start resting.
You feel your anger nearly subside.
You are no longer berserk.
You are exhausted.
You feel yourself slow down.
You start resting.
A bullfrog comes into view.
Your chain mail of Circular Logic prevents you from hitting the bullfrog.
The bullfrog croaks.
The bullfrog hits you.
* * * LOW HITPOINT WARNING * * *
The bullfrog hits you but does no damage.
The bullfrog hits you.
You die...

.. ##.. ...#
...# # ##..#
#.## ... .....
##†##
#....#.@.#.#..
#..)F........
#...)......>.#
#.......?.(.....
.......#........
$......#..#.....
......##.###....
...... ... ..#.
...... .. ##


You could see a bullfrog.

Vanquished Creatures
  2 two-headed ogres
  A komodo dragon (D:11)
  The ghost of Nolbo the Insei, a novice OpTm (D:4)
  Grinder (D:3)
  Sigmund (D:2)
  2 water moccasins
  4 orc warriors
  3 ice beasts
  A sky beast (D:6)
  A black bear (D:8)
  3 ogres
  2 necrophages
  2 centaurs
  2 phantoms
  A bullfrog (D:7)
  A gnoll sergeant (D:5)
  A scorpion (D:8)
  A wyvern skeleton (D:6)
  5 wights (D:7)
  3 electric eels (D:8)
  2 centaur zombies (D:7)
  A centaur skeleton (D:4)
  3 hounds
  3 jellies
  3 orc priests
  7 iguanas
  7 orc wizards
  3 worker ants
  A hound skeleton (D:6)
  A hound zombie (D:5)
  8 mummies (Ossuary)
  8 gnolls
  6 adders
  3 shadow imps
  A white imp (D:4)
  3 ufetubi
  2 oozes (D:1)
  3 adder zombies
  3 worms
  4 dart slugs
  7 leopard geckos
  19 orcs
  6 bats
  8 giant cockroaches
  A gnoll zombie (Ossuary)
  8 goblins
  8 hobgoblins
  20 jackals
  4 quokkas
  2 ball pythons
  3 frilled lizards
  A giant cockroach zombie (D:6)
  4 hobgoblin zombies (Ossuary)
  6 kobolds
  A kobold zombie (Ossuary)
  2 orc zombies (Ossuary)
  A quokka skeleton (D:4)
  3 rats
214 creatures vanquished.

Vanquished Creatures (others)
  7 plants (D:8)
7 creatures vanquished.

Grand Total: 221 creatures vanquished

Notes
Turn   | Place    | Note
-------+----------+-------------------------------------------
     0 | D:1      | snetch the Minotaur Berserker began the quest for the Orb.
     0 | D:1      | Reached XP level 1. HP: 19/19 MP: 0/0
   319 | D:2      | Reached XP level 2. HP: 21/27 MP: 1/1
   810 | D:1      | Reached XP level 3. HP: 33/33 MP: 2/2
   940 | D:1      | Reached ** piety under Trog
  1212 | D:1      | Reached skill level 1 in Polearms
  1471 | D:1      | Reached XP level 4. HP: 40/40 MP: 3/3
  1763 | D:2      | Noticed Sigmund
  1773 | D:2      | Killed Sigmund
  1774 | D:2      | Reached skill level 3 in Polearms
  1774 | D:2      | Reached XP level 5. HP: 47/47 MP: 4/4
  2140 | D:4      | Reached XP level 6. HP: 12/55 MP: 5/5
  2141 | D:4      | Got a spiked chain mail
  2309 | D:4      | Identified the +4 chain mail of Circular Logic {Stlth+}
                  | (You found it on level 4 of the Dungeon)
  2330 | D:4      | Reached skill level 4 in Polearms
  2333 | D:4      | Reached skill level 5 in Fighting
  2541 | D:5      | Entered Level 5 of the Dungeon
  2621 | D:5      | Reached *** piety under Trog
  2722 | D:5      | Found a sand-covered staircase.
  2729 | Ossuary  | Entered an ossuary
  2810 | Ossuary  | Reached skill level 5 in Polearms
  2938 | Ossuary  | Reached XP level 7. HP: 61/61 MP: 6/6
  3084 | D:6      | Found a shimmering altar of Xom.
  3321 | D:4      | Found a runed translucent gate.
  3430 | D:3      | Found a white marble altar of Elyvilon.
  3814 | D:3      | Noticed Grinder
  3825 | D:3      | Paralysed by Grinder for 3 turns
  3828 | D:3      | Killed Grinder
  3829 | D:3      | Reached skill level 6 in Polearms
  3829 | D:3      | Reached skill level 5 in Armour
  4131 | D:4      | Noticed Nolbo's ghost (novice OpTm)
  4139 | D:4      | Found a runed translucent gate.
  4139 | D:4      | Found a runed translucent gate.
  4462 | D:4      | Killed Nolbo's ghost
  4463 | D:4      | Reached skill level 7 in Polearms
  4463 | D:4      | Reached XP level 8. HP: 70/70 MP: 7/7
  4717 | D:5      | Reached skill level 8 in Polearms
  5813 | D:6      | Noticed a two-headed ogre
  5818 | D:6      | Killed a two-headed ogre
  5819 | D:6      | Reached skill level 10 in Polearms
  5819 | D:6      | Reached XP level 9. HP: 79/79 MP: 8/8
  6042 | D:6      | Reached **** piety under Trog
  6136 | D:6      | Reached skill level 1 in Stealth
  6641 | D:6      | Reached skill level 11 in Polearms
  6883 | D:6      | Found a staircase to the Ecumenical Temple.
  6894 | Temple   | Entered the Ecumenical Temple
  7569 | D:7      | Reached skill level 12 in Polearms
  7888 | D:7      | Reached XP level 10. HP: 53/86 MP: 9/9
  8789 | D:8      | Reached ***** piety under Trog
  9087 | D:9      | Reached skill level 13 in Polearms
  9125 | D:8      | You fall into a shaft and drop 3 floors!
  9340 | D:10     | Entered Level 10 of the Dungeon
  9342 | D:10     | Noticed a two-headed ogre
  9351 | D:10     | HP: 2/135 [two-headed ogre/+0 giant club (15)]
  9353 | D:10     | Killed a two-headed ogre
  9361 | D:10     | HP: 1/90 [bullfrog (3)]
  9361 | D:10     | Slain by a bullfrog

Illustrated notes

Levels and vault maps discovered:
D:1:      nzn_arrival_depleted_hourglass, layout_basic
D:2:      layout_loops_corners, uniq_sigmund
D:3:      layout_basic, elyvilon_altar_3, uniq_grinder
D:4:      layout_rooms, gammafunk_ghost_split
D:5:      layout_cave_pods, enter_ossuary_3, kennysheep_generic_room_7
D:6:      layout_basic, minmay_temple_entry_hall, basic_altar, minivault_10
D:7:      layout_loops_ring
D:8:      layout_gridville, serial_bayou, serial_bayou_lagoon_a,
          serial_bayou_ford_a, serial_bayou_pond_c, serial_bayou_lake_a
D:9:      minmay_klotski, layout_cave_pools, serial_co_window_serial,
          co_window_cross_1, co_window_corner_a, co_window_of_opportunity_a,
          co_window_corner_a, co_window_paths_b, co_window_paths_a,
          co_window_broadway_b, co_window_2corner, co_window_corner_ca,
          co_window_cross_2, co_window_corner_cb, serial_shops,
          kennysheep_mini_moat, minmay_ruined_shrine
D:10:     layout_cave_pools, lair_entry_dummy, basic_altar
D:11:     layout_irregular_city
Temple:   minmay_crystal_snake_temple

Skill      XL: |  1  2  3  4  5  6  7  8  9 10 |
---------------+-------------------------------+-----
Axes           | 4 |  4.6
Fighting       | 4 5 6 7 8 |  8.8
Polearms       | 1 3 5 7 10 12 13 | 13.5
Armour         | 3 4 5 6 7 8 |  8.1
Dodging        | 3 4 |  4.7
Stealth        | 1 |  1.3

Action                   |  1- 3 |  4- 6 |  7- 9 | 10-12 || total
-------------------------+-------+-------+-------+-------++-------
Melee: Hand axe          |    13 |       |       |       ||    13
       Spear             |    91 |    15 |       |       ||   106
       Headbutt          |     7 |     9 |    45 |     7 ||    68
       Scythe            |       |    71 |   269 |    71 ||   411
Invok: Berserk           |       |     2 |     3 |     1 ||     6
       Trog's Hand       |       |     1 |     1 |       ||     2
  Use: Scroll            |       |       |     1 |       ||     1
Armor: Animal skin       |     6 |       |       |       ||     6
       Ring mail         |    23 |    16 |       |       ||    39
       Chain mail        |       |    31 |   135 |    41 ||   207
       Leather armour    |       |       |    12 |       ||    12
Dodge: Dodged            |    60 |    66 |   161 |    46 ||   333
